 Dungeon Crawl Stone Soup version 0.29.1-12-g30fa7ad0bf (webtiles) character file.

Game seed: 7377570685352382209

171 sneakypete the Chopper (level 5, 0/39 HPs)
             Began as a Demonspawn Gladiator on Jan 13, 2023.
             Was a Follower of Qazlal.
             Succumbed to an orc's poison
             ... on level 3 of the Dungeon.
             The game lasted 00:20:06 (3090 turns).

sneakypete the Chopper (Demonspawn Gladiator)       Turns: 3090, Time: 00:20:06

Health: 0/39       AC:  8    Str: 17    XL:     5   Next: 26%
Magic:  5/5        EV: 12    Int:  9    God:    Qazlal [*.....]
Gold:   165        SH:  0    Dex: 14    Spells: 4/4 levels left

rFire   . . .      SeeInvis .   a - +0 war axe
rCold   . . .      Faith    .   (no shield)
rNeg    . . .      Spirit   .   s - +0 ring mail
rPois   .          Reflect  .   c - +0 helmet
rElec   .          Harm     .   (no cloak)
rCorr   .          Rampage  .   (no gloves)
Will    .....                   (no boots)
Stlth   ..........              (no amulet)
HPRegen 0.13/turn               (no ring)
MPRegen 0.09/turn               (no ring)

@: confused, lethally poisoned (0 -> -7)
A: slimy green scales 1
a: Renounce Religion


You were on level 3 of the Dungeon.
You worshipped Qazlal.
Qazlal was aware of your devotion.
You visited 1 branch of the dungeon, and saw 3 of its levels.

You collected 165 gold pieces.

Inventory:

Hand Weapons
 a - a +0 war axe (weapon)
Missiles
 d - 3 throwing nets (quivered)
 e - a javelin
Armour
 b - a +0 leather armour
 c - a +0 helmet (worn)
 s - a +0 ring mail (worn)
Magical Staves
 l - a staff of death
Scrolls
 f - a scroll of noise {unknown}
 g - a scroll of blinking {unknown}
 j - 2 scrolls of identify {unknown}
 r - 2 scrolls of immolation {unknown}
Potions
 h - a potion of heal wounds
 i - a potion of brilliance {unknown}
 k - a potion of flight {unknown}
 m - 2 potions of curing {unknown}
 n - a potion of mutation {unknown}
 o - a potion of resistance {unknown}
 p - a potion of ambrosia {unknown}
 q - a potion of berserk rage {unknown}


   Skills:
 + Level 2.4 Fighting
 + Level 4.1 Axes
 + Level 1.9 Throwing
 + Level 1.1 Armour
 + Level 3.5 Dodging
 + Level 1.3 Stealth


You had 4 spell levels left.
You didn't know any spells.
Your spell library contained the following spells:

 Spells                   Type           Power      Damage    Failure   Level
 Necrotise                Necr           0%         1d4       58%         1
 Shock                    Conj/Air       0%         1d3       58%         1
 Frozen Ramparts          Ice            0%         1d1       92%         3
 Swiftness                Air            0%         N/A       92%         3
 Vampiric Draining        Necr           0%         2d6       92%         3
 Airstrike                Air            0%         2d(0-16)  100%        4
 Ice Form                 Ice/Tmut       0%         N/A       100%        4
 Petrify                  Tmut/Erth      0%         N/A       100%        4
 Summon Ice Beast         Ice/Summ       0%         N/A       100%        4
 Agony                    Necr           0%         N/A       100%        5
 Metabolic Englaciation   Hex/Ice        0%         N/A       100%        5
 Statue Form              Tmut/Erth      0%         N/A       100%        6


Dungeon Overview and Level Annotations

Branches:
Dungeon (3/15)

Altars:
Qazlal


Innate Abilities, Weirdness & Mutations

You are partially covered in slimy green scales. (AC +2)


Message History

A bat comes into view.
Unknown command.
You are too confused!
It was a potion of heal wounds.
You feel much better.
You feel very sick.
You're too confused to move!
You feel less confused.
You feel very sick. The orc misses you.
The orc hits you with a +2 dagger of venom.
You are more poisoned.
The orc wizard casts a spell at you. You resist with some effort.
You hit the orc.
The orc is lightly wounded.
You slash the orc!
You kill the orc!
Qazlal accepts your kill.
You feel very sick. The bat hits you but does no damage.
The orc closely misses you. x2
The orc wizard points at you and mumbles some strange words.
The puff of flame hits you.
* * * LOW HITPOINT WARNING * * *
The orc barely misses you.
You hit the orc.
The orc is severely wounded.
You hit the orc. You slash the orc wizard!
* * * LOW HITPOINT WARNING * * *
You feel very sick. The orc closely misses you. x2
The orc wizard casts a spell at you.
You are confused.
You bump into the metal wall.
* * * LOW HITPOINT WARNING * * *
You feel very sick. The orc hits you but does no damage. The orc misses you.
You closely miss the orc.
The orc is heavily wounded.
You hit the orc wizard. You hit the orc.
You die...

......≈.....#
.....≈§..#.##.. .♣..
......§..#.##..#.#.....
.......###.##.......#.#..
.......#
#.##.♣...♣.....♣.
.......#
#.##...#....♣....
.......#
#.##.♣...♣.....♣.
.§§§..##
#.##...o.o.#.#... ..§..##
#.# #.#@#.......# ....##
#.###..oo.♣...♣ ...####
#.....)♣....#?. . ...##.#
#####.....♣...♣ . ##....#
####.#.......# . ....#.#
#>.)....#.##..
##..#.#######.........# #
...........##......####
####.......##......# #


You could see an orc wizard and 3 orcs.

Vanquished Creatures
  Jessica (D:2)
  Terence (D:2)
  An orc wizard (D:3)
  An adder (D:3)
  A worm (D:2)
  A dart slug (D:2)
  6 orcs (D:3)
  8 ball pythons
  7 endoplasms
  3 giant cockroaches
  4 goblins
  5 hobgoblins
  7 jackals
  10 kobolds
  4 quokkas
  2 bats (D:1)
  6 frilled lizards
  6 rats
74 creatures vanquished.

Vanquished Creatures (others)
  6 plants (D:3)
6 creatures vanquished.

Grand Total: 80 creatures vanquished

Notes
Turn   | Place    | Note
-------+----------+-------------------------------------------
     0 | D:1      | sneakypete the Demonspawn Gladiator began the quest for the
                  | Orb.
     0 | D:1      | Reached XP level 1. HP: 16/16 MP: 1/1
   312 | D:1      | Gained mutation: You are partially covered in slimy green
                  | scales. (AC +2) [demonic ancestry]
   312 | D:1      | Reached XP level 2. HP: 13/22 MP: 2/2
   607 | D:1      | Reached skill level 3 in Axes
  1248 | D:2      | Noticed Jessica
  1255 | D:2      | Killed Jessica
  1256 | D:2      | Reached XP level 3. HP: 22/27 MP: 3/3
  1352 | D:2      | Found a stormy altar of Qazlal.
  1588 | D:2      | Noticed Terence
  1599 | D:2      | Killed Terence
  1600 | D:2      | Reached XP level 4. HP: 27/33 MP: 4/4
  1649 | D:2      | Became a worshipper of Qazlal Stormbringer
  1793 | D:2      | Found a faded altar of an unknown god.
  2146 | D:3      | Reached skill level 1 in Stealth
  2459 | D:3      | Reached XP level 5. HP: 34/39 MP: 5/5
  2604 | D:3      | Reached skill level 4 in Axes
  2916 | D:3      | Reached skill level 1 in Armour
  3065 | D:3      | Reached * piety under Qazlal
  3090 | D:3      | Succumbed to an orc's poison

Illustrated notes

Levels and vault maps discovered:
D:1:      amcnicky_arrival_underground_garden, layout_basic,
          chequers_serial_rivers_micro_c, minmay_misc_feat_plants
D:2:      layout_loops_cross, shapermc_ecumenical_altar_acropolis, basic_altar,
          uniq_terence, uniq_jessica
D:3:      layout_basic, chequers_big_river, nicolae_kite_square_tiling_tiny,
          kennysheep_decorative_pillar, minmay_parallelograms, hex_intersection,
          minmay_vboxes

Skill      XL: |  1  2  3  4  5 |
---------------+----------------+-----
Axes           | 3 4 |  4.1
Dodging        | 3 |  3.5
Stealth        | 1 |  1.3
Armour         | 1 |  1.1
Fighting       | |  2.4
Throwing       | |  1.9

Action                   |  1- 3 |  4- 6 || total
-------------------------+-------+-------++-------
Melee: War axe           |    86 |    90 ||   176
       Punch             |     3 |       ||     3
  Use: Potion            |       |     1 ||     1
Armor: Leather armour    |    44 |    37 ||    81
       Ring mail         |       |     7 ||     7
       Skin              |       |     1 ||     1
Dodge: Dodged            |    89 |    59 ||   148
